 Dungeon Crawl Stone Soup version 0.18-a0-1507-g69458e0 (webtiles) character file.

714 Duffy the Cleaver (level 7, 45/62 HPs)
             Began as a Deep Dwarf Berserker on Mar 6, 2016.
             Was an Elder of Trog.
             Quit the game on level 5 of the Dungeon.
             The game lasted 00:06:21 (3399 turns).

Duffy the Cleaver (Deep Dwarf Berserker)            Turns: 3399, Time: 00:06:22

Health: 45/62      AC:  7    Str: 20    XL:     7   Next: 41%
Magic:  7/7        EV: 12    Int:  8    God:    Trog [****..]
Gold:   223        SH:  0    Dex: 18    Spells: 0 memorised, 6 levels left

rFire  . . .     SeeInvis .     a - +0 hand axe
rCold  . . .     Gourm    .     u - +0 ring mail
rNeg   . . .     Faith    .     (no shield)
rPois  .         Spirit   .     r - +2 hat
rElec  .         Dismiss  .     (no cloak)
rCorr  .         Reflect  .     (no gloves)
SustAt .         Harm     .     (no boots)
MR     +....                    (no amulet)
Stlth  +.........               (no ring)
                                l - +4 ring of dexterity

@: non-regenerating, somewhat resistant to hostile enchantments, very unstealthy
A: damage resistance, recharge devices, horns 1, deterioration 1, sense
surroundings 1, screaming 1, slow regeneration 3
a: Device Recharging, Berserk, Trog's Hand, Brothers in Arms, Burn Spellbooks,
Renounce Religion


You were on level 5 of the Dungeon.
You worshipped Trog.
Trog was greatly pleased with you.
You were not hungry.

You visited 1 branch of the dungeon, and saw 5 of its levels.

You collected 223 gold pieces.


Innate Abilities, Weirdness & Mutations

You are resistant to damage.
You can recharge devices by infusing magical energy.
You passively map a small area around you.
You do not regenerate naturally.
You have a pair of small horns on your head.
Your body sometimes deteriorates upon taking damage.
You occasionally shout uncontrollably at your foes.


   Skills:
 + Level 3.0 Fighting
 * Level 9.2 Axes
 + Level 2.5 Armour
 + Level 2.5 Dodging


You had 6 spell levels left.
You didn't know any spells.

Inventory:

Hand Weapons
 a - a +0 hand axe (weapon)
Missiles
 v - a throwing net (quivered)
Armour
 r - a +2 hat (worn)
 u - a +0 ring mail (worn)
Jewellery
 l - a +4 ring of dexterity (left hand)
Wands
 c - a wand of heal wounds (1/9)
 k - a wand of confusion (20/48)
Scrolls
 e - a scroll of recharging
 f - a scroll of fear {unknown}
 h - 3 scrolls of amnesia {unknown}
 m - 2 scrolls of noise {unknown}
 p - a scroll of enchant armour {unknown}
 x - a scroll of blinking {unknown}
Potions
 g - 2 potions of curing
 i - a potion of magic {unknown}
 o - a potion of resistance
 w - a potion of heal wounds {unknown}
 z - a potion of cancellation {unknown}
Comestibles
 b - a royal jelly
 d - 3 bread rations
 n - 5 fruits
 t - a slice of pizza

Dungeon Overview and Level Annotations

Branches:
Dungeon (5/15)             Temple (0/1) D:5

Altars:
Ashenzari
Dithmenos
Fedhas
Gozag
Kikubaaqudgha
Nemelex Xobeh
Ru
Trog
The Shining One


Message History

You start waiting.
Eating one of 2 chunks of flesh.
This raw flesh tastes terrible.
You continue eating. x2
You feel yourself speed up.
Things that are here:
an arrow of frost; a dire flail of crushing; a glowing robe
Things that are here:
an uncursed shortbow; 18 arrows of frost You feel less exhausted.
Found 21 arrows.
You now have 209 gold pieces (gained 7).
Found an escape hatch in the ceiling.
You see here an arrow of frost.
Found a stone staircase leading up.
You now have 223 gold pieces (gained 14).
Found a staircase to the Ecumenical Temple.
Found a flail.
Eating a chunk of flesh.
This raw flesh tastes terrible.
You continue eating. x2
Found a stone staircase leading up.
q - a scroll of identify Read which item? (? for menu, Esc to quit)
Identify which item? (\ to view known items) (? for menu, Esc to quit)
As you read the scroll of identify, it crumbles to dust.
j - a potion of mutation
There is a stone staircase leading up here.
You found a teleport trap!
Drop what? 23/52 slots (_ for help) (? for menu, Esc to quit)
You drop a potion of mutation.
j - a potion of mutation Drink which item? (? for menu, Esc to quit)
You feel extremely strange.
You feel yourself wasting away.
You feel the urge to shout. A pair of horns grows on your head!
Are you sure you want to abandon this character and quit the game? (Confirm with "yes".)

#...........######.##
* , * #.#####.#####
#.## ###.#.......#
#... #.......#.###
#.## ..........# #.##
.#.#...### #.#<
.,#...# #.#.
#.#.#...###### #... *
*#.....@......# ###.
.....#^######.# #.
##.###. , #. # , ..*
* ## ###* *** * , * *
*


There were no monsters in sight!

Action                   |  1- 3 |  4- 6 |  7- 9 || total
-------------------------+-------+-------+-------++-------
Melee: Hand axe          |   134 |   193 |    11 ||   338
Invok: Berserk           |     4 |     8 |     2 ||    14
Evoke: Wand              |     1 |     2 |     1 ||     4
  Use: Scroll            |       |     5 |     1 ||     6
       Potion            |       |       |     1 ||     1
 Stab: Sleeping          |     3 |     1 |       ||     4
  Eat: Chunk             |     4 |    15 |     4 ||    23

Notes
Turn   | Place    | Note
--------------------------------------------------------------
     0 | D:1      | Duffy the Deep Dwarf Berserker began the quest for the Orb.
     0 | D:1      | Reached XP level 1. HP: 20/20 MP: 1/1
   193 | D:1      | Reached skill level 4 in Axes
   193 | D:1      | Reached XP level 2. HP: 24/27 MP: 2/2
   382 | D:1      | Reached XP level 3. HP: 22/33 MP: 3/3
   705 | D:1      | Reached ** piety under Trog
   836 | D:2      | Reached skill level 5 in Axes
  1089 | D:2      | Reached XP level 4. HP: 22/40 MP: 4/4
  1372 | D:2      | Reached skill level 6 in Axes
  1385 | D:2      | Found a shadowy altar of Dithmenos.
  1395 | D:2      | Found a sacrificial altar of Ru.
  1400 | D:2      | Found a glowing golden altar of the Shining One.
  1410 | D:2      | Found a blossoming altar of Fedhas.
  1415 | D:2      | Found an ancient bone altar of Kikubaaqudgha.
  1422 | D:2      | Found a bloodstained altar of Trog.
  1427 | D:2      | Found a shattered altar of Ashenzari.
  1756 | D:3      | Reached XP level 5. HP: 27/46 MP: 5/5
  1776 | D:3      | Reached *** piety under Trog
  1959 | D:3      | Found an opulent altar of Gozag.
  1960 | D:3      | Found a sparkling altar of Nemelex Xobeh.
  2051 | D:4      | Noticed an ogre
  2056 | D:4      | Noticed Robin
  2079 | D:4      | Killed an ogre
  2079 | D:4      | Reached skill level 7 in Axes
  2080 | D:4      | Killed Robin
  2237 | D:4      | Reached XP level 6. HP: 20/55 MP: 6/6
  2336 | D:4      | Found a bloodstained altar of Trog.
  2732 | D:4      | Reached skill level 8 in Axes
  2779 | D:4      | Noticed Ijyb
  2788 | D:4      | Killed Ijyb
  2886 | D:4      | Reached **** piety under Trog
  3114 | D:5      | Entered Level 5 of the Dungeon
  3145 | D:5      | Reached skill level 9 in Axes
  3145 | D:5      | Reached XP level 7. HP: 34/61 MP: 7/7
  3182 | D:5      | Noticed Blork the orc
  3195 | D:5      | Killed Blork the orc
  3243 | D:5      | Reached skill level 3 in Fighting
  3318 | D:5      | Found a staircase to the Ecumenical Temple.
  3398 | D:5      | Gained mutation: Your body sometimes deteriorates upon taking damage. [potion of mutation]
  3398 | D:5      | Gained mutation: You occasionally shout uncontrollably at your foes. [potion of mutation]
  3398 | D:5      | Gained mutation: You have a pair of small horns on your head. [potion of mutation]
  3399 | D:5      | Quit the game

Vault maps used:
D:1:      minmay_arrival_solitary_statue, serial_bayou_pond_d
D:2:      grunt_temple_overflow_octagram, serial_bayou_pond_a
D:3:      grunt_temple_overflow_opulence, first_bread
D:4:      kennysheep_goblin_castle, trog_hazing_becter, uniq_robin
D:5:      minmay_temple_entry_large_hall, uniq_blork_the_orc

Vanquished Creatures
  3 ogres
  A centaur Blork the orc Ijyb
  2 worker ants
  A hound zombie Robin
  9 adders
  An ooze
  6 worms
  5 dart slugs
  3 orcs
  10 bats
  4 giant cockroaches
  15 hobgoblins
  6 jackals
  12 kobolds
  A quokka
  2 giant newts
  23 goblins
  A jackal skeleton
  4 rats
112 creatures vanquished.
